 Dungeon Crawl Stone Soup version 0.31-a0-151-ge443d1f16c (webtiles) character file.

Game seed: 222183532245916745

356 qw the Shooter (level 6, -1/52 HPs)
             Began as a Minotaur Hunter on June 8, 2023.
             Slain by an orc priest
             ... wielding a +0 trident
              (8 damage)
             ... on level 4 of the Dungeon.
             The game lasted 00:01:15 (3013 turns).

qw the Shooter (Minotaur Hunter)                    Turns: 3013, Time: 00:01:15

Health: -1/52      AC:  5    Str: 13 (15) XL:     6   Next: 36%
Magic:  5/5        EV: 12    Int:  6      God:
Gold:   144        SH:  0    Dex: 22      Spells: 5/5 levels left

rFire   . . .        Y - +0 shortbow
rCold   . . .        (shield currently unavailable)
rNeg    . . .        g - +0 ring mail
rPois   .            (helmet restricted)
rElec   .            (no cloak)
rCorr   .            (no gloves)
SInv    .            (no boots)
Will    .....        (no amulet)
Stlth   +            d - +6 ring of dexterity
HPRegen 0.28/turn    (no ring)
MPRegen 0.09/turn

%: no passive effects
@: no status effects
A: horns 2, retaliatory headbutt
a: no special abilities


You were on level 4 of the Dungeon.
You visited 1 branch of the dungeon, and saw 4 of its levels.
You also visited: Sewer.

You collected 144 gold pieces.


Innate Abilities, Weirdness & Mutations

You have a pair of horns on your head.
You reflexively headbutt those who attack you in melee.


   Skills:
 - Level 4.0 Fighting
 - Level 7.3 Ranged Weapons
 - Level 2.0 Armour
 + Level 2.9 Dodging
 - Level 0.7 Stealth


You had 5 spell levels left.
You didn't know any spells.
Your spell library was empty.

Inventory:

Hand Weapons
 Y - a +0 shortbow (weapon)
Armour
 g - a +0 ring mail (worn)
Jewellery
 d - a +6 ring of dexterity (left hand)
Scrolls
 j - a scroll of identify
Potions
 b - a potion of heal wounds {unknown}
 e - 2 potions of curing
 f - a potion of haste
 h - a potion of experience {unknown}
 i - a potion of might {unknown}
 k - a potion of brilliance {unknown}

Dungeon Overview and Level Annotations

Branches:
Dungeon (4/15)              Sewer (visited)
 Temple: D:4-7

Altars:
Elyvilon

Shops:
D:2 (*


Message History

You shoot an arrow. The arrow hits the orc wizard.
The orc wizard is lightly wounded.
You shoot an arrow.
The arrow hits the orc wizard but does no damage.
The orc wizard is lightly wounded.
The orc priest casts a cantrip, but nothing happens.
The orc wizard hits you with a +0 dagger.
You shoot an arrow.
The arrow closely misses the orc wizard.
The arrow closely misses the orc.
An iguana comes into view.
The orc wizard closely misses you.
You shoot an arrow. The arrow misses the orc wizard.
The iguana hisses angrily.
The orc priest mumbles some strange prayers to Beogh against you.
Beogh smites you! The orc wizard closely misses you.
The orc hits you with a +0 flail!
You shoot an arrow. The arrow hits the orc wizard.
The orc wizard is moderately wounded.
A hound comes into view.
The orc priest hits you from afar with a +0 trident.
The orc wizard hits you with a +0 dagger.
The orc barely misses you.
You shoot an arrow.
The arrow hits the orc wizard but does no damage.
The orc wizard is moderately wounded.
The orc closely misses you.
The orc priest hits you from afar with a +0 trident.
The orc hits you but does no damage.
The orc wizard hits you with a +0 dagger.
The orc misses you. The orc barely misses you.
The orc priest hits you from afar with a +0 trident!
The orc wizard hits you with a +0 dagger.
A ball python comes into view.
You shoot an arrow. The ball python hisses angrily.
The arrow hits the orc wizard.
The orc wizard is heavily wounded.
The orc priest hits you from afar with a +0 trident!
You die...

#..........## ##..##
#...........# ##..##
#...........## ##..##
#............# ##..##
#............###..##
##.......%....#>.##
#...............#######
#......g.........#....##
##.....o@..............#
##....oo...............#
##...o..##.........<...
#.l...#####...........
##.h### ###......... .!#
#......... .S#
##........ #.. #........


You could see an iguana, a hound, an orc priest, an orc wizard, 2 orcs, a goblin
and a ball python.

Vanquished Creatures
  2 kobold brigands (Sewer)
  An orc wizard (D:4)
  A scorpion zombie (D:3)
  4 adders
  2 river rats (Sewer)
  3 worms
  An orc (D:3)
  2 endoplasms
  5 giant cockroaches
  9 goblins
  5 hobgoblins
  4 quokkas
  13 ball pythons
  A ball python skeleton (D:3)
  2 bats (D:2)
  16 frilled lizards
  A jackal zombie (D:3)
  21 kobolds
  A quokka skeleton (D:3)
  21 rats
115 creatures vanquished.

Notes
Turn   | Place    | Note
-------+----------+-------------------------------------------
     0 | D:1      | qw the Minotaur Hunter began the quest for the Orb.
     0 | D:1      | Reached XP level 1. HP: 18/18 MP: 0/0
     0 | D:1      | 0 ||| qw: Version: 0.2-a-120-gdf1a93b
     0 | D:1      | 0 ||| qw: Game counter: 3037
     0 | D:1      | 0 ||| qw: Always use a shield: true
     0 | D:1      | 0 ||| qw: God list: Okawaru
     0 | D:1      | 0 ||| qw: Allow faded altars: false
     0 | D:1      | 0 ||| qw: Do Orc after D:15 true
     0 | D:1      | 0 ||| qw: Do second Lair branch before Depths: true
     0 | D:1      | 0 ||| qw: Lair rune preference: random
     0 | D:1      | 0 ||| qw: Plans: Normal
     0 | D:1      | 0 ||| PLANNING D:1-11
    39 | D:1      | Found a faded altar of an unknown god.
   211 | D:1      | Reached XP level 2. HP: 25/25 MP: 1/1
   247 | D:1      | Reached skill level 5 in Ranged Weapons
   408 | D:1      | Reached skill level 3 in Fighting
   658 | D:1      | 658 ||| UPGRADING to +6 ring of dexterity.
   659 | D:1      | 659 ||| READING scroll labelled PIDYPA JOSCHICK.
   660 | D:1      | 660 ||| DRINKING 2 glowing pink potions.
   661 | D:1      | 661 ||| DROPPING scroll of butterflies.
   709 | D:2      | Reached XP level 3. HP: 31/31 MP: 2/2
   797 | D:2      | 797 ||| FLEEEEING.
   798 | D:2      | 798 ||| FLEEEEING.
   799 | D:2      | 799 ||| FLEEEEING.
   800 | D:2      | 800 ||| FLEEEEING.
   801 | D:2      | 801 ||| FLEEEEING.
   802 | D:2      | 802 ||| FLEEEEING.
   803 | D:2      | 803 ||| FLEEEEING.
   804 | D:2      | 804 ||| STAIRDANCE
   820 | D:1      | 820 ||| READING scroll labelled WELIBE PYFI.
   825 | D:2      | 825 ||| STAIRDANCE
   938 | D:2      | Reached skill level 6 in Ranged Weapons
   938 | D:2      | Reached XP level 4. HP: 32/38 MP: 3/3
  1016 | D:2      | Found Yqoiteaff's General Store.
  1021 | D:2      | 1021 ||| SHOPLISTING ring of Xom's Bemusement {rElec rF+
                  | MP+9} (451 gold, have 69).
  1029 | D:2      | Found Plog's Weapon Shoppe.
  1339 | D:2      | 1339 ||| UPGRADING to +0 ring mail.
  1349 | D:2      | 1349 ||| DROPPING +0 leather armour.
  1350 | D:2      | 1350 ||| READING scroll labelled EKIJUB NEPREY.
  1353 | D:2      | 1353 ||| DRINKING 2 orange potions.
  1354 | D:2      | 1354 ||| DRINKING 2 fizzy yellow potions.
  1355 | D:2      | 1355 ||| DROPPING potion of degeneration.
  1379 | D:3      | 1379 ||| PLANNING SEWER
  1447 | D:3      | Found a white marble altar of Elyvilon.
  1961 | D:3      | Found a glowing drain.
  1962 | D:3      | 1962 ||| DROPPING amulet of magic regeneration.
  1963 | D:3      | 1963 ||| READING scroll labelled WUVVAI FAPNEEXE.
  1964 | D:3      | 1964 ||| READING scroll labelled YTWILYA NOEGO.
  1968 | Sewer    | Entered a sewer
  1989 | Sewer    | Reached XP level 5. HP: 45/45 MP: 4/4
  2204 | Sewer    | 2204 ||| Stepping ~*~*~tactically~*~*~ (water).
  2208 | Sewer    | 2208 ||| Stepping ~*~*~tactically~*~*~ (water).
  2243 | Sewer    | 2243 ||| Stepping ~*~*~tactically~*~*~ (outnumbered).
  2339 | Sewer    | 2339 ||| Stepping ~*~*~tactically~*~*~ (outnumbered).
  2343 | Sewer    | 2343 ||| Stepping ~*~*~tactically~*~*~ (outnumbered).
  2358 | Sewer    | Reached skill level 7 in Ranged Weapons
  2358 | Sewer    | Reached XP level 6. HP: 18/52 MP: 5/5
  2660 | Sewer    | 2660 ||| READING scroll labelled QIPSUIFEFI.
  2761 | Sewer    | 2761 ||| DRINKING 4 silvery potions.
  2762 | Sewer    | 2762 ||| DROPPING 3 potions of invisibility.
  2797 | D:3      | 2797 ||| PLANNING D:1-11
  3012 | D:4      | HP: 9/52 [orc priest/+0 trident (9)]
  3013 | D:4      | Slain by an orc priest

Levels and vault maps discovered:
D:1:      elethiomel_arrival_shortcut, layout_basic,
          shapermc_ecumenical_altar_notcrosses, minmay_lizard_king
D:2:      layout_basic, serial_shops, shop, nicolae_shop_rolling_square
D:3:      layout_loops_ring, mainiacjoe_overflow_brackets, gup_sewer_entry_bowl,
          serial_undead, serial_undead_b, serial_undead_a, serial_undead_c,
          serial_undead_e
D:4:      layout_cave_pods, serial_shops, nicolae_shop_stone,
          kennysheep_minor_cross

Skill      XL: |  1  2  3  4  5 |
---------------+----------------+-----
Ranged Weapons | 5 6 7 |  7.3
Fighting       | 3 4 |  4.0
Armour         | 2 |  2.0
Dodging        | |  2.9
Stealth        | |  0.7

Action                     |  1- 3 |  4- 6 || total
---------------------------+-------+-------++-------
   Fire: Shortbow          |    99 |   175 ||   274
    Use: Scroll            |     2 |     4 ||     6
         Potion            |     1 |     3 ||     4
 Armour: Leather armour    |    13 |     2 ||    15
         Ring mail         |       |    27 ||    27
  Dodge: Dodged            |    19 |    50 ||    69

Table legend:
 A = Non-vault XP
 B = Vault XP
 C = Vault XP percentage of total XP
 D = Non-vault monster count
 E = Vault monster count
 F = Vault count percentage of total count
                 A         B        C        D         E       F
            +---------+---------+-------+---------+---------+-------
      Total |     166 |     343 |  67.4 |      54 |      61 |  53.0
            +---------+---------+-------+---------+---------+-------
        D:1 |      34 |       8 |  19.0 |      20 |       8 |  28.6
        D:2 |      76 |       0 |   0.0 |      21 |       0 |   0.0
        D:3 |      17 |      45 |  72.6 |      11 |       8 |  42.1
        D:4 |      39 |       0 |   0.0 |       2 |       0 |   0.0
      Sewer |       0 |     290 | 100.0 |       0 |      45 | 100.0
            +---------+---------+-------+---------+---------+-------
